 Dungeon Crawl Stone Soup version 0.30-a0-1074-g5db6f66fbb (webtiles) character file.

Game seed: 9693766931315565759

247 retardedninja the Chopper (level 6, -2/57 HPs)
             Began as a Naga Fighter on Apr 13, 2023.
             Slain by an orc warrior
             ... wielding a +0 hand axe
              (13 damage)
             ... on level 4 of the Dungeon.
             The game lasted 00:03:45 (2551 turns).

retardedninja the Chopper (Naga Fighter)            Turns: 2551, Time: 00:03:46

Health: -2/57      AC:  9    Str: 20    XL:     6   Next: 11%
Magic:  6/6        EV:  3    Int:  8    God:
Gold:   138        SH:  4    Dex: 11    Spells: 5/5 levels left

rFire   . . .      SeeInvis +    a - +0 war axe
rCold   . . .      Faith    .    c - +0 buckler
rNeg    . . .      Spirit   .    u - +0 plate armour
rPois   +          Reflect  .    t - +0 helmet
rElec   .          Rampage  .    (no cloak)
rCorr   .                        (no gloves)
Will    .....                    (no barding) Stlth
                                 n - amulet of regeneration
HPRegen 1.09/turn                (no ring)
MPRegen 0.10/turn                (no ring)

@: very slow
A: AC +2, large, see invisible, deformed body, poison resistance, slowness 2,
spit poison 1, naga tail 1
a: Spit Poison


You were on level 4 of the Dungeon.
You visited 1 branch of the dungeon, and saw 4 of its levels.

You collected 138 gold pieces.

Inventory:

Hand Weapons
 a - a +0 war axe (weapon)
Missiles
 x - 2 throwing nets
Armour
 c - a +0 buckler (worn)
 t - a +0 helmet (worn)
 u - a +0 plate armour (worn)
Jewellery
 n - an amulet of regeneration (around neck)
 p - a ring of wizardry
Wands
 v - a wand of roots (7)
Scrolls
 e - a scroll of brand weapon {unknown}
 f - a scroll of magic mapping {unknown}
 g - 2 scrolls of immolation {unknown}
 j - a scroll of fear {unknown}
 k - 3 scrolls of teleportation {unknown}
 l - 3 scrolls of identify {unknown}
 m - a scroll of fog {unknown}
 q - a scroll of enchant weapon {unknown}
 r - a scroll of noise {unknown}
 s - a scroll of blinking {unknown}
 w - a scroll of acquirement {unknown}
Potions
 b - a potion of attraction {unknown}
 d - a potion of might
 h - a potion of degeneration {unknown}
 i - a potion of flight {unknown}
 o - a potion of haste {unknown}


   Skills:
 + Level 4.0 Fighting
 * Level 4.2 Axes
 + Level 3.2 Armour
 + Level 3.5 Shields


You had 5 spell levels left.
You didn't know any spells.
Your spell library contained the following spells:

 Spells                   Type           Power      Damage    Failure   Level
 Dazzling Flash           Conj/Hex       0%         N/A       100%        3
 Volatile Blastmotes      Fire/Tloc      0%         2d10      100%        3
 Iskenderun's Mystic Bla  Conj/Tloc      0%         2d3       100%        4
 Starburst                Conj/Fire      0%         6d3       100%        6


Dungeon Overview and Level Annotations

Branches:
Dungeon (4/15)
 Temple: D:4-7

Altars:

Shops:
D:2 ?   D:3 *


Innate Abilities, Weirdness & Mutations

Your serpentine skin is tough. (AC +2)
You have supernaturally acute eyesight. (SInv)
Armour fits poorly on your strangely shaped body.
Your system is resistant to poisons. (rPois)
You cover ground very slowly.
You can spit poison.
You have a snake-like lower body.


Message History

Unknown command.
You barely miss the orc warrior.
The orc warrior is heavily wounded.
You slash the orc!
You kill the orc!
The orc throws a boomerang.
The boomerang hits you but does no damage.
The orc warrior hits you but does no damage.
You hit the orc warrior.
The orc warrior is severely wounded.
The orc warrior hits you but does no damage.
You block the orc's attack.
The orc priest calls upon Beogh to heal the orc warrior.
The orc warrior is healed somewhat.
The orc warrior barely misses you.
Unknown command.
You barely miss the orc warrior.
The orc warrior is heavily wounded.
The orc throws a boomerang.
The boomerang hits you but does no damage.
The orc priest casts a cantrip, but nothing happens.
An orc comes into view. It is wielding a +0 club.
The orc warrior barely misses you. The orc hits you but does no damage.
You slash the orc warrior!
The orc warrior is severely wounded.
The orc warrior hits you with a +0 hand axe!
You block the orc warrior's attack. The orc barely misses you.
The orc priest mumbles some strange prayers to Beogh against you.
Pain shoots through your body!
* * * LOW HITPOINT WARNING * * *
You hit the orc warrior.
The orc warrior is almost dead.
You hit the orc priest. You block the orc warrior's attack.
The orc priest hits you with a +0 whip.
* * * LOW HITPOINT WARNING * * *
You hit the orc warrior but do no damage.
The orc warrior is almost dead.
You hit the orc priest but do no damage.
The orc hits you but does no damage.
The orc warrior hits you with a +0 hand axe!
You die...

####### .#
#.....#########.## ....
#.###............ # ...##
#.# ####..#####.# ..#....
## #.######..#####.#
.....#.
.####...............#
.#.#.#.
..##...##########.#......
#...... †......##.. #@.#
##### ##... ..##...#.#
#.oo## ....#† .###.#..#
#.oo.## ###.#. ## #...##
#$..# #.#. # ##..# (...$
#.#. ######.# .#88.( #.#.
.....[.# #.## #.###.#.
######.# ## #.>.....
#.#######. #####.##


You could see an orc warrior, an orc priest and 2 orcs.

Vanquished Creatures
  2 hounds (D:4)
  An iguana (D:4)
  3 gnolls (D:3)
  7 adders
  2 worms (D:2)
  4 orcs
  5 bats
  6 endoplasms
  3 giant cockroaches
  4 goblins
  8 hobgoblins
  3 ball pythons
  4 frilled lizards
  9 kobolds
  2 rats
63 creatures vanquished.

Vanquished Creatures (others)
  3 plants (D:2)
3 creatures vanquished.

Grand Total: 66 creatures vanquished

Notes
Turn   | Place    | Note
-------+----------+-------------------------------------------
     0 | D:1      | retardedninja the Naga Fighter began the quest for the Orb.
     0 | D:1      | Reached XP level 1. HP: 21/21 MP: 1/1
   173 | D:1      | Reached XP level 2. HP: 21/28 MP: 2/2
   454 | D:2      | Reached XP level 3. HP: 34/34 MP: 3/3
   762 | D:2      | Found Fasm's Magic Scroll Shop.
   962 | D:2      | Reached XP level 4. HP: 23/42 MP: 4/4
  1799 | D:3      | Reached XP level 5. HP: 44/49 MP: 5/5
  1975 | D:3      | Found Xymeafikh's Assorted Antiques.
  2509 | D:4      | Reached XP level 6. HP: 51/57 MP: 6/6
  2541 | D:4      | Noticed an orc warrior
  2551 | D:4      | Slain by an orc warrior

Illustrated notes

Levels and vault maps discovered:
D:1:      spicycebolla_arrival_ecumenical, layout_rooms,
          chequers_serial_rivers_room_b
D:2:      layout_loops_cross, serial_shops, shop,
          nicolae_kite_square_tiling_tiny, serial_bayou_pond_d
D:3:      layout_basic, serial_shops, nicolae_shop_behind_doors,
          kennysheep_generic_room_15
D:4:      layout_loops_ring, guppyfry_early_orc_mine

Skill      XL: |  1  2  3  4  5  6 |
---------------+-------------------+-----
Shields        | 3 |  3.5
Axes           | 3 4 |  4.2
Armour         | 3 |  3.2
Fighting       | 4 |  4.0

Action                     |  1- 3 |  4- 6 || total
---------------------------+-------+-------++-------
  Melee: War axe           |    85 |   155 ||   240
  Evoke: Wand              |       |     1 ||     1
 Armour: Scale mail        |    69 |    23 ||    92
         Plate armour      |       |    91 ||    91
  Dodge: Dodged            |    58 |    53 ||   111
  Block: Buckler           |    25 |    47 ||    72

Table legend: (Time is in decaauts)
 A = Elapsed time spent in this place.
 B = Non-inter-level travel time spent in this place.
 C = Inter-level travel time spent in this place.
 D = Time resting spent in this place.
 E = Time spent auto-exploring this place.
 F = Levels seen in this place.
 G = Mean time per level.
                   A        B        C        D        E       F      G
               +--------+--------+--------+--------+--------+-----+--------+
         Total |   3373 |   3280 |     93 |    151 |   2414 |   4 |  843.2 |
       Dungeon |   3373 |   3280 |     93 |    151 |   2414 |   4 |  843.2 |
               +--------+--------+--------+--------+--------+-----+--------+

Top non-repeatable levels by time:
     D:2: 1281 daAuts
     D:3: 938 daAuts
     D:1: 756 daAuts
     D:4: 397 daAuts
